Map: Oxide LE

Players

Neeb

  • Race: Protoss Protoss
  • Spawn Location: 7:00

Astrea - Winner!

  • Race: Protoss Protoss
  • League: Master
  • Spawn Location: 1:00

Event: DreamHack SC2 Masters 2020 Winter

VOD

Have the link to the VOD?

Description

Time

  • Played on: Nov. 8, 2020, 6:37 p.m.
  • Length: 12:41

All games in this series

Show
View Real Time Build Order
Export as new Build Order

Neeb Protoss 

Build Orders: Phoenix Opening, Blink Stalkers 

Get SALT Encoding   

  12  0:00  Probe  
  13  0:12  Probe  
  14  0:17  Pylon  
  14  0:24  Probe (Chrono Boost)  
  15  0:36  Probe (Chrono Boost)  
  15  0:39  Gateway  
  16  0:44  Probe (Chrono Boost)  
  16  0:46  Assimilator  
  17  0:51  Probe  
  18  0:59  Assimilator  
  18  1:03  Probe (Chrono Boost)  
  19  1:11  Pylon  
  19  1:14  Probe (Chrono Boost)  
  20  1:19  Probe (Chrono Boost)  
  21  1:26  Cybernetics Core  
  21  1:28  Zealot  
  21  1:32  Probe  
  24  1:42  Pylon  
  24  1:44  Probe  
  25  1:56  Probe  
  26  2:02  Stalker (Chrono Boost), Warp Gate  
  28  2:08  Probe  
  29  2:21  Probe  
  30  2:25  Sentry (Chrono Boost)  
  31  2:38  Pylon  
  31  2:45  Gateway  
  31  2:48  Nexus  
  31  2:56  Probe, Sentry  
  31  2:57  Phoenix  
  34  2:59  Shield Battery  
  34  3:08  Probe  
  34  3:11  Twilight Council  
  35  3:19  Pylon  
  35  3:20  Probe  
  36  3:33  Probe (Chrono Boost)  
  37  3:45  Blink (Chrono Boost), Probe (Chrono Boost)  
  38  3:48  Forge  
  38  3:51  Stalker  
  38  3:53  Sentry  
  42  3:55  Probe (Chrono Boost)  
  42  4:00  Probe  
  44  4:08  Probe (Chrono Boost)  
  45  4:12  Probe (Chrono Boost)  
  45  4:15  Stalker  
  45  4:17  Stalker  
  50  4:23  Pylon, Probe x2 (Chrono Boost)  
  52  4:28  Protoss Ground Weapons Level 1  
  52  4:29  Probe  
  52  4:30  Probe  
  54  4:37  Assimilator  
  54  4:40  Stalker  
  54  4:41  Probe  
  54  4:44  Probe  
  58  4:46  Stalker  
  60  4:53  Probe  
  60  4:56  Probe  
  62  5:04  Pylon  
  62  5:09  Stalker x2  
  62  5:12  Probe x2  
  67  5:25  Nexus, Probe  
  67  5:26  Shield Battery, Probe  
  67  5:37  Probe  
  67  5:39  Stalker x2, Probe  
  67  5:42  Charge (Chrono Boost)  
  73  5:48  Gateway  
  73  5:50  Gateway  
  73  5:52  Probe  
  73  5:53  Probe  
  75  6:00  Pylon  
  75  6:08  Gateway x2  
  75  6:10  Stalker  
  77  6:16  Pylon  
  77  6:24  Zealot  
  79  6:28  Shield Battery  
  79  6:30  Templar Archives  
  79  6:31  Pylon  
  79  6:32  Pylon  
  79  6:40  Stalker  
  79  6:46  Probe (Chrono Boost)  
  80  6:48  Probe (Chrono Boost)  
  80  6:50  Probe (Chrono Boost)  
  80  6:51  Robotics Facility  
  80  6:52  Protoss Ground Weapons Level 2 (Chrono Boost)  
  82  6:59  Probe (Chrono Boost)  
  82  7:00  Probe (Chrono Boost)  
  85  7:02  Zealot x3, Probe (Chrono Boost)  
  85  7:07  Probe (Chrono Boost)  
  85  7:08  Probe x2 (Chrono Boost)  
  93  7:09  Pylon  
  93  7:12  Probe  
  93  7:13  Assimilator  
  95  7:16  Probe  
  95  7:17  Assimilator  
  95  7:19  Probe  
  95  7:21  Pylon  
  97  7:24  Probe  
  97  7:28  Stalker x2  
  97  7:29  Probe  
  103  7:31  Stalker  
  103  7:33  Stalker  
  103  7:36  Pylon  
  107  7:37  Probe  
  107  7:38  Probe  
  107  7:41  Probe  
  107  7:43  Observer  
  111  7:49  Probe  
  112  7:51  Pylon  
  112  7:52  Stalker x2  
  112  7:57  Assimilator, Templar Archives  
  116  8:01  High Templar x2, Stalker  
  116  8:02  Probe x2  
  116  8:03  Probe  
  125  8:06  Photon Cannon, Archon  
  125  8:12  Photon Cannon  
  125  8:17  Stalker x2  
  129  8:23  Stalker  
  131  8:31  Stalker  
  133  8:35  Stalker x2  
  133  8:39  Pylon  
  137  8:42  Stalker  
  137  8:43  Stalker  
  137  8:48  Gateway x2  
  141  8:59  Photon Cannon  
  141  9:01  High Templar x2, Stalker x2, Pylon  
  149  9:05  Archon  
  149  9:06  Protoss Ground Weapons Level 3 (Chrono Boost)  
  149  9:14  Stalker x2  
  149  9:15  Pylon  
  153  9:25  Stalker x2  
  153  9:30  Nexus  
  157  9:34  Stalker x2  
  161  9:40  Robotics Bay  
  161  9:42  Robotics Facility  
  161  9:47  Observer  
  162  9:56  Stalker x3  
  168  10:01  Photon Cannon  
  168  10:02  Shield Battery  
  168  10:05  Pylon  
  168  10:07  Stalker  
  168  10:08  Stalker x2  
  168  10:12  Pylon  
  174  10:18  Pylon  
  174  10:28  Stalker x3  
  174  10:31  Pylon  
  174  10:33  Disruptor (Chrono Boost), Pylon  
  174  10:34  Disruptor (Chrono Boost)  
  186  10:37  Photon Cannon  
  186  10:40  Pylon  
  186  10:44  Stalker  
  186  10:48  Pylon  
  188  11:00  Stalker x5  
  188  11:03  Disruptor  
  200  11:28  Stargate  
  200  11:30  Gravitic Boosters  
  200  11:33  Nexus  
  200  11:34  Photon Cannon x2, Pylon  
  200  11:48  Pylon  
  200  11:50  Photon Cannon x2  
  200  11:52  Shield Battery  
  184  12:12  Stalker x5  
  178  12:27  Stalker x3  
  130  12:36  Stalker x3  
Show
View Real Time Build Order
Export as new Build Order

Astrea Protoss - Winner!

Build Orders: Phoenix Opening 

Get SALT Encoding   

  12  0:00  Probe  
  13  0:12  Probe  
  14  0:17  Pylon  
  14  0:24  Probe (Chrono Boost)  
  15  0:36  Probe (Chrono Boost)  
  15  0:38  Gateway  
  16  0:45  Probe (Chrono Boost)  
  16  0:46  Assimilator  
  17  0:51  Probe  
  17  0:57  Assimilator  
  18  1:03  Probe (Chrono Boost)  
  19  1:06  Pylon  
  19  1:13  Probe (Chrono Boost)  
  19  1:18  Probe (Chrono Boost)  
  21  1:26  Cybernetics Core  
  21  1:31  Pylon  
  21  1:38  Zealot  
  23  1:41  Probe  
  24  1:53  Probe  
  25  2:03  Stalker (Chrono Boost), Warp Gate  
  25  2:07  Cybernetics Core  
  27  2:10  Probe  
  28  2:22  Probe  
  29  2:33  Stargate  
  30  2:38  Probe  
  31  2:47  Nexus  
  31  2:56  Pylon  
  29  2:58  Shield Battery  
  29  3:01  Probe  
  30  3:13  Probe (Chrono Boost)  
  30  3:14  Sentry  
  30  3:16  Phoenix  
  35  3:25  Probe (Chrono Boost)  
  36  3:31  Probe (Chrono Boost)  
  37  3:39  Pylon  
  37  3:40  Probe  
  38  3:52  Probe  
  39  3:57  Phoenix (Chrono Boost)  
  39  4:02  Probe  
  42  4:04  Probe  
  43  4:14  Probe (Chrono Boost)  
  43  4:15  Phoenix (Chrono Boost)  
  47  4:18  Robotics Facility  
  47  4:21  Probe (Chrono Boost)  
  48  4:25  Probe (Chrono Boost)  
  48  4:30  Probe x2 (Chrono Boost)  
  49  4:37  Phoenix  
  52  4:40  Probe  
  52  4:42  Probe  
  54  4:52  Nexus  
  54  4:53  Pylon, Probe  
  54  4:55  Probe  
  56  5:02  Phoenix  
  56  5:05  Probe  
  56  5:06  Pylon  
  59  5:08  Probe  
  60  5:14  Observer (Chrono Boost)  
  60  5:15  Assimilator  
  60  5:17  Probe  
  60  5:20  Probe  
  62  5:26  Immortal (Chrono Boost)  
  62  5:29  Probe  
  62  5:30  Stalker  
  62  5:32  Probe  
  62  5:33  Phoenix  
  72  5:37  Assimilator  
  72  5:43  Gateway  
  72  5:45  Gateway  
  72  5:48  Pylon  
  72  5:50  Pylon  
  72  5:54  Immortal (Chrono Boost)  
  72  6:04  Probe x2  
  78  6:07  Probe  
  79  6:13  Forge  
  79  6:15  Twilight Council  
  79  6:16  Probe x2  
  79  6:17  Shield Battery  
  81  6:25  Immortal (Chrono Boost)  
  81  6:28  Probe x2  
  87  6:38  Probe  
  88  6:40  Gateway, Probe  
  88  6:41  Gateway  
  88  6:43  Blink  
  88  6:44  Probe  
  88  6:48  Protoss Ground Weapons Level 1 (Chrono Boost)  
  88  6:52  Probe x2  
  90  6:59  Probe  
  91  7:01  Sentry x2  
  91  7:03  Immortal (Chrono Boost)  
  91  7:04  Probe  
  91  7:05  Probe  
  91  7:08  Pylon  
  101  7:11  Stalker  
  103  7:26  Gateway  
  103  7:27  Gateway  
  103  7:28  Sentry  
  103  7:29  Gateway  
  105  7:31  Assimilator  
  105  7:32  Sentry  
  105  7:35  Assimilator  
  105  7:36  Probe x3  
  110  7:39  Warp Prism (Chrono Boost)  
  112  7:47  Pylon x2  
  112  7:49  Probe  
  113  7:54  Stalker x2  
  117  8:01  Robotics Bay  
  117  8:03  Photon Cannon  
  117  8:04  Photon Cannon  
  117  8:08  Pylon  
  117  8:09  Stalker x3  
  123  8:15  Photon Cannon  
  123  8:22  Stalker x3  
  129  8:29  Robotics Facility  
  129  8:30  Protoss Ground Weapons Level 2 (Chrono Boost)  
  129  8:39  Photon Cannon  
  135  8:56  Extended Thermal Lance  
  135  9:01  Colossus (Chrono Boost)  
  135  9:08  Pylon  
  135  9:13  Pylon  
  135  9:14  Pylon  
  135  9:18  Pylon  
  135  9:20  Colossus (Chrono Boost)  
  135  9:21  Pylon  
  135  9:23  Pylon  
  141  9:28  Charge  
  140  9:46  Stalker x7  
  140  9:48  Colossus, Nexus  
  140  9:49  Stalker  
  162  9:55  Pylon, Observer  
  162  9:58  Pylon  
  162  10:08  Colossus  
  168  10:14  Photon Cannon  
  168  10:16  Shield Battery  
  168  10:18  Stalker x3  
  173  10:22  Dark Shrine  
  173  10:33  Stalker x3  
  179  10:45  Probe x2  
  179  10:49  Gateway  
  181  10:51  Gateway  
  181  11:02  Stalker x2  
  185  11:09  Stalker x5  
  185  11:10  Stalker  
  199  11:24  Photon Cannon  
  199  11:25  Photon Cannon, Gravitic Boosters (Chrono Boost)  
  198  11:26  Observer (Chrono Boost)  
  198  11:32  Robotics Facility  
  194  11:33  Assimilator  
  194  11:35  Assimilator  
  194  11:44  Disruptor  
  194  11:46  Observer  
  197  11:48  Stalker  
  197  12:08  Observer  
  186  12:12  Stalker x3  
  186  12:13  Stalker x4  
  198  12:20  Stalker  
  198  12:21  Stalker x2  
  160  12:37  Stalker x7  
Tags
 
Add a new tag
Caveats
  • Supply blocks, unpowered buildings, or Contaminate may cause inaccurate times.
  • Supply counts are checked every 10 seconds.